 Dungeon Crawl Stone Soup version 0.17.0-28-g6e173f8 (webtiles) character file.

284333 dvd the Imperceptible (level 20, -6/95 HPs)
             Began as a Spriggan Enchanter on Nov 23, 2015.
             Was the Champion of Sif Muna.
             Shot with an arrow by a deep elf master archer (21 damage)
             ... on level 3 of the Elven Halls on Nov 26, 2015.
             The game lasted 06:23:42 (57725 turns).

dvd the Imperceptible (Spriggan Enchanter)         Turns: 57725, Time: 06:23:42

Health: -6/95      AC: 16    Str:  5    XL:     20   Next: 14%
Magic:  21/45      EV: 34    Int: 26    God:    Sif Muna [******]
Gold:   3144       SH:  0    Dex: 23    Spells: 13 memorised, 9 levels left

rFire  + . .     SeeInvis +     a - +9 rapier (elec)
rCold  + . .     Clarity  .     K - +1 robe "Alodeo Xucwu" {rPois rN+ Int+4 SInv} (curse)
rNeg   + . .     SustAt   .     (shield restricted)
rPois  +         Gourm    .     f - +2 hat
rElec  +         Spirit   .     R - +0 cloak "Dohuj" {rElec Regen+ rCorr}
rCorr  +         Warding  .     (gloves unavailable)
rMut   .         Stasis   .     (boots unavailable)
MR     ++++.                    j - amulet "Piap" {rCorr rC+ Int-2 Dex+4}
Stlth  ++++++++++               J - ring "Omioqil" {rF+ Int+2}
                                o - ring of protection from magic

@: icy armour, about to teleport, very slightly contaminated, regenerating,
repel missiles, very quick, incredibly resistant to hostile enchantments,
uncannily stealthy
A: unfitting armour, see invisible, herbivore 3, speed 3, slow metabolism 2
a: Channel Energy, Forget Spell, Renounce Religion
}: 1/15 runes: gossamer


You were on level 3 of the Elven Halls.
You worshipped Sif Muna.
Sif Muna was exalted by your worship.
You were not hungry.

You visited 8 branches of the dungeon, and saw 40 of its levels.
You also visited: Sewer.

You collected 4552 gold pieces.
You spent 1408 gold pieces at shops.

Inventory:

Hand Weapons
 a - a +9 rapier of electrocution (weapon)
 b - a +3 greatsling of freezing
 L - the +0 falchion of the Hidden Mice {antimagic, Int+4}
   (You found it on level 1 of the Vaults)

   It disrupts the flow of magical energy around spellcasters and certain
   magical creatures (including the wielder).
   It affects your intelligence (+4).
Missiles
 U - 16 steel sling bullets
 Z - 12 silver sling bullets
Armour
 f - a +2 hat (worn)
 w - a +2 cloak of magic resistance
 K - the cursed +1 robe "Alodeo Xucwu" (worn) {rPois rN+ Int+4 SInv}
   (You bought it in a shop on level 1 of the Vaults)

   It affects your intelligence (+4).
   It protects you from poison.
   It protects you from negative energy.
   It lets you see invisible.
   It has a curse placed upon it.
 P - a +2 robe of fire resistance
 R - the +0 cloak "Dohuj" (worn) {rElec Regen+ rCorr}
   (You acquired it on level 3 of the Lair of Beasts)

   It insulates you from electricity.
   It increases your rate of regeneration.
   It protects you from acid and corrosion.
Rods
 Y - a +1 rod of shadows (9/9)
   (You took it off a tengu reaver on level 2 of the Vaults)
Jewellery
 j - the amulet "Piap" (around neck) {rCorr rC+ Int-2 Dex+4}
   (You bought it in a shop on level 4 of the Orcish Mines)

   [amulet of resist corrosion]

   It protects you from acid and corrosion.
   It affects your intelligence (-2).
   It affects your dexterity (+4).
   It protects you from cold.
 m - an uncursed amulet of warding
 n - an uncursed amulet of regeneration
 o - a ring of protection from magic (left hand)
 r - an uncursed amulet of clarity
 s - an uncursed ring of poison resistance
 J - the ring "Omioqil" (right hand) {rF+ Int+2}
   (You bought it in a shop on level 3 of the Elven Halls)

   [ring of intelligence]

   It affects your intelligence (+2).
   It protects you from fire.
 O - an uncursed ring of protection from cold
 T - a +2 ring of intelligence
Wands
 c - a wand of teleportation (4)
 v - a wand of draining (2)
 x - a wand of cold (9)
 z - a wand of digging (17)
 A - a wand of draining (8)
 E - a wand of digging (18)
 H - a wand of teleportation (7)
 N - a wand of teleportation (4)
Scrolls
 d - 20 scrolls of identify
 e - 8 scrolls of enchant armour
 i - 21 scrolls of remove curse
 t - 2 scrolls of blinking
 u - 4 scrolls of magic mapping
 y - a scroll of holy word
 D - 5 scrolls of recharging
 F - 4 scrolls of fear
 Q - a scroll of amnesia
 X - 5 scrolls of fog
Potions
 g - 5 potions of brilliance
 k - a potion of might
 l - 2 potions of curing
 p - a potion of cancellation
 q - 7 potions of flight
 C - 2 potions of resistance
 S - a potion of berserk rage
 V - 3 potions of magic
 W - a potion of heal wounds
Books
 h - a book of Clouds

   Spells                             Type                      Level
   a - Mephitic Cloud                 Conjuration/Poison/Air       3
   b - Conjure Flame                  Conjuration/Fire             3
   c - Poisonous Cloud                Conjuration/Poison/Air       6
   d - Freezing Cloud                 Conjuration/Ice/Air          6
   e - Ring of Flames                 Charms/Fire                  7
 B - a book of Beasts

   Spells                             Type                      Level
   a - Summon Butterflies             Summoning                    1
   b - Call Canine Familiar           Summoning                    3
   c - Summon Ice Beast               Ice/Summoning                4
   d - Summon Mana Viper              Hexes/Summoning              5
   e - Summon Hydra                   Summoning                    7
 M - Sif Muna's Incunabulum of Assistive Bewitchment
   (Sif Muna gifted it to you on level 4 of the Spider Nest)

   Spells                             Type                      Level
   a - Infusion                       Charms                       1
   b - Confusing Touch                Hexes                        2
   c - Confuse                        Hexes                        3
   d - Inner Flame                    Hexes/Fire                   3
   e - Iskenderun's Battlesphere      Conjuration/Charms           5
   f - Haste                          Charms                       6
Comestibles
 G - 13 fruits
 I - 10 bread rations


   Skills:
 + Level 6.5 Fighting
 * Level 11.7 Short Blades
 - Level 2.8 Slings
 + Level 14.4 Dodging
 + Level 26.3 Stealth
 + Level 20.3 Spellcasting
 + Level 18.4 Hexes
 + Level 10.3 Charms
 + Level 2.9 Summonings
 + Level 4.4 Necromancy
 + Level 3.9 Translocations
 + Level 7.5 Ice Magic
 + Level 0.1 Air Magic
 + Level 1.6 Invocations
 + Level 1.1 Evocations


You had 9 spell levels left.
You knew the following spells:

 Your Spells              Type           Power        Failure   Level  Hunger
a - Haste                 Chrm           ######..     4%          6    ##.....
b - Ensorcelled Hibernat  Hex/Ice        ######       0%          2    None
c - Confuse               Hex            #######.     0%          3    None
d - Tukima's Dance        Hex            #######.     0%          3    None
e - Shroud of Golubria    Chrm/Tloc      ######....   1%          2    None
f - Regeneration          Chrm/Necr      ######....   1%          3    None
g - Mass Confusion        Hex            #######...   1%          6    ##.....
h - Invisibility          Hex            #######.     1%          6    ##.....
i - Summon Mana Viper     Hex/Summ       ######..     1%          5    None
j - Repel Missiles        Chrm/Air       ######       1%          2    None
k - Metabolic Englaciati  Hex/Ice        #######...   1%          5    None
l - Ozocubu's Armour      Chrm/Ice       ######..     1%          3    None
m - Summon Ice Beast      Ice/Summ       ######..     1%          4    None


Dungeon Overview and Level Annotations

Branches:
Dungeon (15/15)            Temple (1/1) D:7            Lair (8/8) D:10
 Shoals (1/4) Lair:6       Spider (4/4) Lair:4        Slime (0/6) Lair:8
    Orc (4/4) D:10            Elf (3/3) Orc:4        Vaults (4/5) D:14
  Crypt (0/3) Vaults:2     Depths (0/5) D:15

Altars:
Ashenzari
Cheibriados
Dithmenos
Elyvilon
Fedhas
Gozag
Kikubaaqudgha
Makhleb
Nemelex Xobeh
Okawaru
Qazlal
Ru
Sif Muna
Trog
Vehumet
Xom
Yredelemnul
Zin
The Shining One
Beogh
Jiyva

Shops:
D:4 [   D:5 }   D:6 }   D:10 *   D:15 [   Orc:4 =*[(   Elf:2 [   Elf:3 =
Vaults:1 *

Annotations:
Spider:4 Arachne; septik's ghost, adept NaMo
Vaults:4 Mennas


Innate Abilities, Weirdness & Mutations

You are tiny and cannot use many weapons and most armour.
You have supernaturally acute eyesight.
You are a herbivore.
You cover ground extremely quickly.
You need consume almost no food.


Message History

The deep elf blademaster hits you!
* * * LOW HITPOINT WARNING * * *
The deep elf blademaster completely misses you.
The deep elf annihilator completely misses you.
Your rapier hits the deep elf blademaster.
The deep elf annihilator casts a spell.
The deep elf annihilator blinks!
Your rapier completely misses the deep elf blademaster.
The deep elf master archer shoots an arrow.
The arrow misses your rapier.
The arrow hits the deep elf blademaster!!
Your rapier completely misses the deep elf blademaster.
The deep elf annihilator gestures wildly while chanting.
The deep elf annihilator blinks!
The deep elf annihilator casts a spell.
The deep elf annihilator blinks!
The deep elf blademaster misses you. The deep elf blademaster misses you.
The deep elf master archer shoots an arrow.
The arrow hits you!!
You die...

#.# #.# #.# #.# #.#
#)# ##### #)#
###...### ###)##
##..@....### ###.))).
#....e(§...###...((..
#.....(.!........)...
#..........e.........
##....e.:...§.....)..
##..ee§..........#..
#..............###.
*#?.?............#..
**...................


You could see a deep elf blademaster, a deep elf master archer, a deep elf
annihilator, a deep elf knight, a deep elf conjurer and 2 friendly dancing
weapons.

Vanquished Creatures
  Asterion (Spider:1)
  2 deep elf master archers (Elf:3)
  2 deep elf blademasters (Elf:3)
  A sphinx (Vaults:4)
  Kirke (Lair:8)
  A tengu reaver (Vaults:2)
  8 ghost moths
  7 deep elf sorcerers
  Donald (Spider:4)
  Maud (Lair:3)
  5 emperor scorpions (Spider:4)
  6 vault wardens
  3 ironheart preservers
  The ghost of bollicks1999 the Peltast, a journeyman FoFi of Ru (Lair:6)
  3 stone giants
  2 deep elf demonologists
  A large abomination (Orc:4)
  Azrael (D:13)
  6 deep elf annihilators
  3 deep elf death magi
  8 yaktaur captains
  2 vault guards (Vaults:3)
  2 fire dragons
  2 entropy weavers
  2 ettins (Vaults:1)
  Josephine (Lair:8)
  A great orb of eyes (Vaults:2)
  Harold (D:9)
  2 rakshasas
  12 hydras
  An ice dragon (Vaults:4)
  A hydra (shapeshifter) (Vaults:2)
  4 ogre magi
  4 orc high priests (Orc:4)
  5 centaur warriors
  21 death yaks
  13 dancing weapons
  A queen ant (Spider:3)
  6 catoblepae
  The ghost of homeworkjunkie the Covert, a journeyman SpAs of Okawaru (D:11)
  12 deep elf knights
  6 skeletal warriors (Vaults:2)
  4 wizards (Vaults:1)
  3 fire crabs
  2 shadow wraiths
  3 unseen horrors
  2 flayed ghosts
  5 deep trolls
  5 hill giants
  6 deep elf summoners
  14 deep elf conjurers
  A harpy (shapeshifter) (Vaults:2)
  An oklob plant (D:10)
  A necromancer (Lair:6)
  32 ugly things
  5 orc knights
  4 ironbrand convokers
  4 hornets
  7 harpies
  23 orb spiders
  42 wolf spiders
  14 elephants
  5 cyclopes
  5 manticores
  A black mamba (shapeshifter) (Vaults:1)
  4 griffons
  3 moths of wrath
  3 orc sorcerers (Orc:4)
  Maurice (D:13)
  A siren (Shoals:1)
  2 black mambas
  A gargoyle (D:11)
  13 spiny frogs
  10 vault sentinels
  A yaktaur (shapeshifter) (Elf:2)
  3 orange demons (Elf:3)
  3 torpor snails
  4 centaur skeletons
  6 komodo dragons
  28 yaktaurs
  3 komodo dragons (shapeshifter)
  10 demonic crawlers
  3 kobold demonologists
  A tengu conjurer (D:12)
  A tengu simulacrum (Vaults:2)
  2 fire drakes (Lair:6)
  11 deep elf priests
  3 freezing wraiths
  21 jumping spiders
  9 trolls
  The ghost of chonchonts the Vexing, a novice VSEn of Nemelex Xobeh (D:5)
  A jumping spider (shapeshifter) (Vaults:1)
  11 boulder beetles
  9 blink frogs
  17 slime creatures
  3 shadows
  A snapping turtle (Lair:6)
  5 two-headed ogres
  45 redbacks
  21 trapdoor spiders
  Sigmund (D:3)
  4 wyverns
  3 vampires (Vaults:2)
  27 yaks
  A spriggan (D:7)
  13 hippogriffs
  24 deep elf fighters
  22 tarantellas
  A steam dragon (D:13)
  2 hungry ghosts
  33 deep elf magi
  3 hogs (Lair:8)
  A basilisk (Lair:5)
  3 fire elementals (D:13)
  Grum (D:10)
  11 wraiths
  12 vampire mosquitoes
  4 mottled dragons
  16 water moccasins
  3 soldier ants (Spider:3)
  2 wolves (D:10)
  2 hell hounds (D:13)
  2 wargs (Orc:3)
  9 porcupines
  Duvessa (D:5)
  2 ice beasts
  A phantom (D:9)
  19 orc warriors
  3 wasps
  2 black bears (D:9)
  32 spiders
  2 necrophages
  2 sky beasts
  3 eyes of draining
  15 crocodiles
  11 ogres
  11 centaurs
  11 big kobolds
  Blork the orc (D:6)
  22 giant frogs
  A wyvern skeleton (D:10)
  A gnoll sergeant (D:11)
  16 killer bees
  A water moccasin zombie (D:6)
  4 wights
  Dowan (D:5)
  4 scorpions (Elf:3)
  9 crimson imps
  A giant frog zombie (D:6)
  10 jellies
  4 quasits
  3 electric eels
  27 orc wizards
  4 centaur zombies
  Crazy Yiuf (D:6)
  18 orc priests
  6 hounds
  A human simulacrum (Vaults:2)
  21 worker ants
  2 yak simulacra (Lair:6)
  11 iguanas
  5 sheep
  7 wolf simulacra (Lair:6)
  A hound zombie (D:7)
  A hound skeleton (D:8)
  2 worker ant zombies
  Robin (D:3)
  65 river rats
  21 adders
  A shadow imp (D:8)
  3 oozes (Lair:8)
  An adder skeleton (D:4)
  2 adder zombies
  5 worms
  3 giant geckos
  116 orcs
  5 ball pythons (Sewer)
  6 giant cockroaches
  8 hobgoblins
  46 kobolds
  6 quokkas
  7 bats
  A giant gecko skeleton (D:8)
  3 giant newts
  13 goblins
  14 jackals
  29 rats
  2 river rat simulacra (Lair:6)
  2 plants
1474 creatures vanquished.

Vanquished Creatures (collateral kills)
  Norris (Vaults:1)
  A lich (Vaults:3)
  A fire giant (Vaults:2)
  A frost giant (Vaults:1)
  A vault warden (Vaults:4)
  An orc warlord (Orc:4)
  2 deep elf sorcerers
  9 ironheart preservers
  A vampire knight (Vaults:1)
  2 ettins
  3 vault guards
  A yaktaur captain (Vaults:4)
  A centaur warrior (Vaults:1)
  2 ogre magi (Vaults:4)
  6 dancing weapons (Elf:2)
  Urug (Lair:1)
  8 deep elf knights
  A shadow wraith (Vaults:3)
  4 skeletal warriors
  A fire crab (Vaults:4)
  A wizard (Vaults:2)
  A deep elf summoner (Elf:2)
  A flayed ghost (Vaults:4)
  6 ironbrand convokers
  6 orc knights
  A harpy (Vaults:3)
  2 deep elf conjurers
  A wolf spider zombie (D:14)
  4 hill giants
  4 wolf spiders
  2 orb spiders
  A cyclops (Vaults:1)
  2 ugly things (Vaults:1)
  A griffon (Vaults:4)
  A hornet (Spider:4)
  5 vault sentinels
  4 yaktaurs
  8 deep elf priests
  A demonic crawler (Spider:4)
  11 two-headed ogres
  A slime creature (Vaults:1)
  2 redbacks
  3 tarantellas (Spider:4)
  25 deep elf fighters
  2 wraiths (Vaults:1)
  11 deep elf magi
  A wyvern (shapeshifter) (Vaults:1)
  A wolf (D:10)
  A wasp (Spider:4)
  20 orc warriors
  2 spiders
  8 ogres
  A big kobold (D:10)
  6 orc priests
  10 orc wizards
  A shadow imp (D:11)
  23 orcs
229 creatures vanquished.

Vanquished Creatures (others)
  A deep elf sorcerer (Elf:3)
  A frost giant (Vaults:2)
  An ironheart preserver (Vaults:4)
  A deep elf annihilator (Elf:3)
  A salamander stormcaller (Vaults:3)
  An entropy weaver (Spider:4)
  26 dancing weapons
  2 deep elf knights
  An ironbrand convoker (Vaults:2)
  2 deep elf magi (Elf:2)
  A deep elf fighter (Elf:2)
  A human (Lair:8)
  A centaur (D:14)
  A scorpion (D:14)
  A small abomination (Vaults:3)
  A bat (D:1)
  A bush (D:7)
  49 fungi
  12 plants
  5 spectral weapons
110 creatures vanquished.

Grand Total: 1813 creatures vanquished

Notes
Turn   | Place    | Note
--------------------------------------------------------------
     0 | D:1      | dvd the Spriggan Enchanter began the quest for the Orb.
     0 | D:1      | Reached XP level 1. HP: 9/9 MP: 5/5
   237 | D:1      | Reached skill level 5 in Stealth
   237 | D:1      | Reached XP level 2. HP: 13/13 MP: 6/6
   241 | D:1      | Learned a level 2 spell: Ensorcelled Hibernation
   687 | D:2      | Found a shattered altar of Ashenzari.
   732 | D:2      | Reached XP level 3. HP: 16/16 MP: 8/8
  1157 | D:2      | Learned a level 3 spell: Confuse
  1547 | D:3      | Reached XP level 4. HP: 18/21 MP: 10/10
  1570 | D:3      | Noticed Robin
  1646 | D:3      | Killed Robin
  1646 | D:3      | Reached skill level 6 in Stealth
  1909 | D:3      | Noticed Sigmund
  2138 | D:3      | Noticed a moth of wrath
  2141 | D:3      | Found a bloodstained altar of Trog.
  2153 | D:3      | Reached skill level 1 in Ice Magic
  2342 | D:3      | Reached XP level 5. HP: 24/24 MP: 11/11
  2459 | D:3      | Learned a level 3 spell: Tukima's Dance
  2524 | D:3      | Found a burning altar of Makhleb.
  2529 | D:3      | Reached skill level 7 in Stealth
  2830 | D:4      | Reached skill level 5 in Hexes
  2843 | D:4      | Reached XP level 6. HP: 21/28 MP: 13/13
  2873 | D:4      | Got an iridescent hand axe
  2881 | D:4      | Found a shimmering altar of Xom.
  2930 | D:4      | Found Rekuez's Antique Armour Shop.
  2958 | D:4      | Found a snail-covered altar of Cheibriados.
  3142 | D:3      | Killed Sigmund
  3142 | D:3      | Reached skill level 8 in Stealth
  3243 | D:5      | Entered Level 5 of the Dungeon
  3255 | D:5      | Found Heequide's Gadget Shoppe.
  3293 | D:5      | Noticed chonchonts's ghost (novice VSEn)
  3294 | D:5      | Found a glowing drain.
  3310 | D:5      | Killed chonchonts's ghost
  3310 | D:5      | Reached skill level 9 in Stealth
  3310 | D:5      | Reached skill level 5 in Spellcasting
  3310 | D:5      | Reached XP level 7. HP: 32/32 MP: 15/15
  3363 | Sewer    | Entered a sewer
  3504 | Sewer    | Gained mutation: You can breathe flames. [potion of mutation]
  3504 | Sewer    | Gained mutation: You have sharp fingernails. [potion of mutation]
  3504 | Sewer    | Gained mutation: You are partially covered in rugged brown scales (AC +1, +3% HP). [potion of mutation]
  3506 | Sewer    | Lost mutation: You are partially covered in rugged brown scales (AC +1, +3% HP). [potion of cure mutation]
  3506 | Sewer    | Lost mutation: You can breathe flames. [potion of cure mutation]
  3506 | Sewer    | Lost mutation: You have sharp fingernails. [potion of cure mutation]
  4195 | D:5      | Reached skill level 10 in Stealth
  4350 | D:5      | Reached XP level 8. HP: 37/37 MP: 17/17
  4692 | D:5      | Noticed Dowan
  4694 | D:5      | Noticed Duvessa
  4699 | D:5      | Killed Dowan
  4712 | D:5      | Killed Duvessa
  4936 | D:6      | Found Wuepryxu's Gadget Shop.
  4962 | D:6      | Learned a level 2 spell: Shroud of Golubria
  4977 | D:6      | Reached skill level 1 in Fighting
  4977 | D:6      | Reached skill level 11 in Stealth
  5129 | D:6      | Reached skill level 1 in Charms
  5141 | D:6      | Learned a level 3 spell: Regeneration
  5178 | D:6      | Noticed Blork the orc
  5185 | D:6      | Killed Blork the orc
  5233 | D:6      | Reached skill level 5 in Dodging
  5233 | D:6      | Reached skill level 1 in Translocations
  5377 | D:6      | Noticed Crazy Yiuf
  5382 | D:6      | Killed Crazy Yiuf
  5813 | D:7      | Found a staircase to the Ecumenical Temple.
  5852 | Temple   | Entered the Ecumenical Temple
  6037 | D:7      | Reached XP level 9. HP: 41/41 MP: 20/20
  6114 | D:7      | Identified the +6 hand axe "Geatzul" {holy, rF++ MR-} (You found it on level 4 of the Dungeon)
  6309 | D:7      | Found a blossoming altar of Fedhas.
  6449 | D:7      | Learned a level 3 spell: Spectral Weapon
  6485 | D:7      | Found a sparkling altar of Nemelex Xobeh.
  6554 | D:7      | Reached skill level 12 in Stealth
  7371 | D:8      | Reached skill level 1 in Necromancy
  7423 | D:8      | Found an opulent altar of Gozag.
  7436 | D:8      | Found a burning altar of Makhleb.
  7448 | D:8      | Found a deep blue altar of Sif Muna.
  7481 | D:8      | Found a shadowy altar of Dithmenos.
  7541 | D:8      | Became a worshipper of Sif Muna the Loreminder
  7922 | D:8      | Reached skill level 13 in Stealth
  8249 | D:9      | Found a sacrificial altar of Ru.
  8550 | D:9      | Reached XP level 10. HP: 41/46 MP: 16/23
  8960 | D:9      | Gained mutation: You have an increased reservoir of magic (+10% MP). [potion of beneficial mutation]
  9224 | D:10     | Entered Level 10 of the Dungeon
  9324 | D:10     | Found a staircase to the Lair.
  9324 | D:10     | Noticed an oklob plant
  9339 | D:10     | Found Biesy's Bounteous Boutique.
  9353 | D:10     | Found a staircase to the Orcish Mines.
  9420 | D:10     | Noticed Grum
  9461 | D:10     | Killed Grum
  9597 | D:10     | Killed an oklob plant
  9597 | D:10     | Reached skill level 1 in Slings
  9597 | D:10     | Reached skill level 14 in Stealth
  9619 | D:10     | Reached * piety under Sif Muna
  9680 | D:10     | Noticed Harold
  9971 | D:9      | Killed Harold
  9971 | D:9      | Reached skill level 5 in Charms
 10176 | D:10     | Noticed an unseen horror
 10179 | D:10     | Killed an unseen horror
 10187 | D:10     | Reached XP level 11. HP: 49/51 MP: 24/28
 10337 | Lair:1   | Entered Level 1 of the Lair of Beasts
 10689 | Lair:1   | Noticed a five-headed hydra
 10728 | Lair:1   | Killed a five-headed hydra
 10728 | Lair:1   | Reached ** piety under Sif Muna
 10728 | Lair:1   | Reached skill level 15 in Stealth
 10914 | Lair:1   | Reached skill level 10 in Spellcasting
 11066 | Lair:1   | Identified a scroll of acquirement
 11081 | Lair:1   | Noticed Urug
 11096 | Lair:1   | Killed Urug
 11597 | Lair:2   | Noticed a six-headed hydra
 11616 | Lair:2   | Killed a six-headed hydra
 11649 | Lair:2   | Reached skill level 16 in Stealth
 11748 | Lair:2   | Noticed a six-headed hydra
 11779 | Lair:2   | Killed a six-headed hydra
 11779 | Lair:2   | Reached *** piety under Sif Muna
 11779 | Lair:2   | Reached skill level 10 in Hexes
 12369 | Lair:3   | Got an encrusted cloak
 12380 | Lair:3   | Identified the +0 cloak "Dohuj" {rElec Regen+ rCorr} (You acquired it on level 3 of the Lair of Beasts)
 12503 | Lair:3   | Noticed Maud
 12533 | Lair:3   | Killed Maud
 12533 | Lair:3   | Reached XP level 12. HP: 25/56 MP: 22/30
 12661 | Lair:3   | Noticed a six-headed hydra
 12679 | Lair:3   | Killed a six-headed hydra
 13352 | Lair:4   | Got a transparent hunting sling
 13353 | Lair:4   | Lost strength.
 13353 | Lair:4   | Identified the +7 hunting sling of Discomfort {venom, rN+ MR+ Str-4 SInv} (You found it on level 4 of the Lair of Beasts)
 13878 | Lair:4   | Found a hole to the Spider Nest.
 13884 | Lair:4   | Reached skill level 17 in Stealth
 13911 | Lair:4   | Reached **** piety under Sif Muna
 14692 | Lair:5   | Learned a level 4 spell: Passage of Golubria
 15186 | Lair:6   | Noticed a six-headed hydra
 15194 | Lair:6   | Killed a six-headed hydra
 15227 | Lair:6   | Noticed bollicks1999's ghost (journeyman FoFi)
 15264 | Lair:6   | Killed bollicks1999's ghost
 15264 | Lair:6   | Reached ***** piety under Sif Muna
 15264 | Lair:6   | Reached skill level 18 in Stealth
 16185 | Lair:6   | Noticed a four-headed hydra
 16277 | Lair:6   | Killed a four-headed hydra
 16277 | Lair:6   | Reached XP level 13. HP: 60/60 MP: 16/33
 17751 | Lair:7   | Learned a level 6 spell: Invisibility
 17968 | Lair:6   | Found a staircase to the Shoals.
 18661 | Lair:7   | Reached skill level 19 in Stealth
 18904 | Lair:7   | Reached skill level 5 in Short Blades
 18912 | Lair:7   | Reached skill level 5 in Ice Magic
 19314 | Lair:7   | Reached ****** piety under Sif Muna
 19383 | Lair:7   | Received a gift from Sif Muna
 19384 | Lair:7   | Identified Sif Muna's Catalogue of the Oath (Sif Muna gifted it to you on level 7 of the Lair of Beasts)
 19389 | Lair:7   | Learned a level 3 spell: Summon Guardian Golem
 19567 | Lair:8   | Entered Level 8 of the Lair of Beasts
 19648 | Lair:8   | Reached skill level 10 in Dodging
 20021 | Lair:8   | Noticed Josephine
 20537 | Lair:7   | Reached XP level 14. HP: 47/65 MP: 32/35
 20710 | Lair:8   | Killed Josephine
 20838 | Lair:8   | Noticed Kirke
 20896 | Lair:8   | Found a staircase to the Slime Pits.
 21176 | Lair:7   | Reached skill level 20 in Stealth
 21451 | Lair:8   | Killed Kirke
 22900 | D:11     | Noticed homeworkjunkie's ghost (journeyman SpAs)
 22926 | D:11     | Killed homeworkjunkie's ghost
 23260 | D:11     | Reached skill level 21 in Stealth
 23673 | D:12     | Reached skill level 1 in Invocations
 24865 | D:13     | Learned a level 2 spell: Repel Missiles
 24869 | D:13     | Noticed Maurice
 24872 | D:13     | Killed Maurice
 24903 | D:13     | Reached XP level 15. HP: 70/70 MP: 29/38
 24949 | D:13     | Received a gift from Sif Muna
 24958 | D:13     | Identified Cigotuvi's Handbook of Shifting Unholy Rites (Sif Muna gifted it to you on level 13 of the Dungeon)
 25664 | D:13     | Noticed Azrael
 25831 | D:13     | Killed Azrael
 26165 | Orc:1    | Entered Level 1 of the Orcish Mines
 26476 | Orc:1    | Found a bloodstained altar of Trog.
 27678 | Orc:2    | Found a roughly hewn altar of Beogh.
 27864 | Orc:4    | Entered Level 4 of the Orcish Mines
 28272 | Orc:4    | Found a staircase to the Elven Halls.
 28359 | Orc:4    | Gained mutation: You are dopey. (Int -2) [a neqoxec]
 29138 | Orc:4    | Reached skill level 22 in Stealth
 29304 | Orc:4    | Reached skill level 15 in Spellcasting
 29322 | Orc:4    | Found Hoogh's General Store.
 29341 | Orc:4    | Found Xygej's Antique Armour Boutique.
 29341 | Orc:4    | Found Gotoc's Antique Weapon Shop.
 29375 | Orc:4    | Found Biaqiphe's Jewellery Boutique.
 29392 | Orc:4    | Bought a glowing robe for 27 gold pieces
 29412 | Orc:4    | Bought the amulet "Piap" {rCorr rC+ Int-2 Dex+4} for 611 gold pieces
 29835 | Spider:1 | Entered Level 1 of the Spider Nest
 30189 | Spider:1 | Noticed Asterion
 30193 | Spider:1 | Killed Asterion
 31045 | Spider:1 | Learned a level 6 spell: Darkness
 31869 | Spider:2 | Reached XP level 16. HP: 71/75 MP: 38/40
 32832 | Spider:3 | Reached skill level 23 in Stealth
 33124 | Spider:3 | Received a gift from Sif Muna
 33125 | Spider:3 | Identified Sif Muna's Almanac of Malediction (Sif Muna gifted it to you on level 3 of the Spider Nest)
 33135 | Spider:3 | Learned a level 6 spell: Mass Confusion
 33141 | Spider:3 | Learned a level 5 spell: Summon Mana Viper
 33677 | Spider:4 | Entered Level 4 of the Spider Nest
 33850 | Spider:4 | Noticed septik's ghost (adept NaMo)
 34567 | D:13     | Learned a level 3 spell: Gell's Gravitas
 35197 | D:14     | Reached skill level 15 in Hexes
 35817 | D:14     | Found a gate to the Vaults.
 36004 | D:15     | Entered Level 15 of the Dungeon
 36340 | D:15     | Found Fyw Bivepha's Antique Armour Shop.
 36344 | D:15     | Bought an embroidered robe for 25 gold pieces
 36554 | D:15     | Found a staircase to the Depths.
 37222 | Spider:1 | Reached skill level 5 in Fighting
 37878 | Spider:4 | Noticed Donald
 37882 | Spider:4 | Killed Donald
 38118 | Spider:4 | Noticed Arachne
 38163 | Spider:4 | HP: 1/76 [wolf spider (21)]
 38967 | Elf:1    | Entered Level 1 of the Elven Halls
 39503 | Elf:1    | Received a gift from Sif Muna
 39528 | Elf:1    | Reached XP level 17. HP: 60/80 MP: 29/42
 40128 | Elf:1    | Reached skill level 24 in Stealth
 40493 | Elf:1    | Reached skill level 1 in Summonings
 40783 | Elf:2    | Found Ynant's Armour Boutique.
 41013 | Elf:2    | Found a radiant altar of Vehumet.
 42077 | Elf:2    | Learned a level 4 spell: Summon Ice Beast
 42186 | Elf:2    | Found a huge runed gate.
 42186 | Elf:2    | Found a huge runed gate.
 42187 | Elf:2    | Found a huge runed gate.
 42188 | Elf:2    | Found a huge runed gate.
 42195 | Elf:2    | Found a huge runed gate.
 43180 | D:10     | Bought a scroll of blinking for 105 gold pieces
 44239 | Spider:4 | Reached skill level 1 in Evocations
 44538 | Spider:4 | Received a gift from Sif Muna
 44541 | Spider:4 | Identified Sif Muna's Incunabulum of Assistive Bewitchment (Sif Muna gifted it to you on level 4 of the Spider Nest)
 44551 | Spider:4 | Learned a level 6 spell: Haste
 45889 | Spider:4 | Got a gossamer rune of Zot
 46396 | Shoals:1 | Entered Level 1 of the Shoals
 46700 | Vaults:1 | Entered Level 1 of the Vaults
 46721 | Vaults:1 | Got a transparent falchion
 46728 | Vaults:1 | Identified the cursed +0 falchion of the Hidden Mice {antimagic, Int+4} (You found it on level 1 of the Vaults)
 46961 | Vaults:1 | Reached XP level 18. HP: 85/85 MP: 34/45
 46993 | Vaults:1 | Noticed Norris
 47027 | Vaults:1 | Killed Norris
 47699 | Vaults:1 | Reached skill level 25 in Stealth
 48113 | Vaults:1 | Found Ciesa Cisk's Assorted Antiques.
 48120 | Vaults:1 | Bought a tattered robe for 210 gold pieces
 48130 | Vaults:1 | Identified the cursed +1 robe "Alodeo Xucwu" {rPois rN+ Int+4 SInv} (You bought it in a shop on level 1 of the Vaults)
 48161 | Vaults:1 | Received a gift from Sif Muna
 48179 | Vaults:1 | Identified Sif Muna's Guide on the Helpful Glacier (Sif Muna gifted it to you on level 1 of the Vaults)
 48192 | Vaults:1 | Learned a level 3 spell: Ozocubu's Armour
 49513 | Vaults:2 | Found a staircase to the Crypt.
 50853 | Vaults:2 | Identified a +1 rod of shadows (9/9) (You took it off a tengu reaver on level 2 of the Vaults)
 52016 | Vaults:3 | Reached XP level 19. HP: 90/90 MP: 34/47
 52037 | Vaults:3 | Reached skill level 10 in Short Blades
 52813 | Vaults:3 | Received a gift from Sif Muna
 53089 | Vaults:3 | Identified Sif Muna's Almanac of the Frostbite (Sif Muna gifted it to you on level 3 of the Vaults)
 53330 | Vaults:3 | Lost mutation: You are dopey. (Int -2) [potion of cure mutation]
 53330 | Vaults:3 | Lost mutation: You have an increased reservoir of magic (+10% MP). [potion of cure mutation]
 53525 | Vaults:4 | Noticed Mennas
 54001 | Vaults:4 | Reached skill level 26 in Stealth
 54186 | Vaults:4 | Learned a level 5 spell: Metabolic Englaciation
 54472 | Vaults:4 | HP: 2/91 [deep elf knight (11)]
 54838 | Vaults:4 | Reached skill level 10 in Charms
 56745 | Elf:3    | Entered Level 3 of the Elven Halls
 56914 | Elf:3    | Found Vyuh's Jewellery Shoppe.
 56924 | Elf:3    | Bought the ring "Omioqil" {rF+ Int+2} for 430 gold pieces
 57601 | Elf:3    | Reached XP level 20. HP: 95/95 MP: 30/45
 57725 | Elf:3    | Shot with an arrow by a deep elf master archer

Action                   |  1- 3 |  4- 6 |  7- 9 | 10-12 | 13-15 | 16-18 | 19-21 || total
-------------------------+-------+-------+-------+-------+-------+-------+-------++-------
Melee: Dagger            |    67 |    74 |   195 |       |       |       |       ||   336
       Rapier            |       |       |    62 |   289 |   936 |  1064 |   601 ||  2952
 Fire: Hunting sling     |       |       |       |    35 |     8 |       |       ||    43
       Greatsling        |       |       |       |       |       |    11 |       ||    11
 Cast: Corona            |     6 |       |       |       |       |       |       ||     6
       Ensorcelled Hiber |    37 |    42 |    81 |   107 |   330 |   146 |    12 ||   755
       Confuse           |     1 |     5 |    25 |    56 |   142 |   186 |    40 ||   455
       Shroud of Golubri |       |       |    21 |    14 |    17 |    23 |     4 ||    79
       Regeneration      |       |       |     9 |    33 |    72 |    78 |    19 ||   211
       Tukima's Dance    |       |       |     4 |     3 |    51 |   103 |    96 ||   257
       Spectral Weapon   |       |       |     2 |     8 |     2 |       |       ||    12
       Passage of Golubr |       |       |       |     4 |     2 |       |       ||     6
       Invisibility      |       |       |       |       |    17 |     7 |     3 ||    27
       Summon Guardian G |       |       |       |       |     2 |       |       ||     2
       Repel Missiles    |       |       |       |       |     1 |     5 |     2 ||     8
       Darkness          |       |       |       |       |     1 |     6 |       ||     7
       Summon Mana Viper |       |       |       |       |       |    59 |    23 ||    82
       Mass Confusion    |       |       |       |       |       |    37 |     9 ||    46
       Gell's Gravitas   |       |       |       |       |       |     1 |       ||     1
       Summon Ice Beast  |       |       |       |       |       |    23 |    23 ||    46
       Ozocubu's Armour  |       |       |       |       |       |    21 |    36 ||    57
       Haste             |       |       |       |       |       |       |     2 ||     2
Invok: Channel Energy    |       |       |       |     4 |    18 |     2 |       ||    24
Evoke: Wand              |       |       |       |     3 |    10 |     6 |    10 ||    29
       Box of beasts     |       |       |       |       |       |     2 |       ||     2
  Use: Scroll            |       |     5 |    11 |     9 |    13 |    20 |     4 ||    62
       Potion            |       |       |    15 |    10 |    17 |    21 |     2 ||    65
 Stab: Sleeping          |    37 |    39 |    84 |   125 |   281 |   209 |    30 ||   805
       Confused          |       |     5 |    15 |    19 |    51 |   129 |    34 ||   253
       Distracted        |       |     1 |     1 |     2 |     4 |    19 |    12 ||    39
       Invisible         |       |       |       |       |    54 |    11 |    18 ||    83
       Petrified         |       |       |       |       |     1 |       |       ||     1
  Eat: Bread ration      |       |     1 |     1 |     1 |     4 |     6 |     1 ||    14
       Pizza             |       |       |       |     4 |     2 |     3 |     1 ||    10
       Fruit             |       |       |       |       |     2 |     2 |     1 ||     5
       Royal jelly       |       |       |       |       |     1 |     1 |       ||     2
